 Dungeon Crawl Stone Soup version 0.28-a0-1510-gd0f6b136d3 (webtiles) character file.

Game seed: 15567921326145204418

742 oldriver the Skirmisher (level 8, -3/60 HPs)
             Began as a Formicid Chaos Knight on Jan 14, 2022.
             Was a Plaything of Xom.
             Slain by an iguana (15 damage)
             ... on level 5 of the Dungeon.
             The game lasted 00:03:50 (5403 turns).

oldriver the Skirmisher (Formicid Chaos Knight)     Turns: 5403, Time: 00:03:51

Health: -3/60      AC:  7    Str: 24    XL:     8   Next: 5%
Magic:  8/8        EV: 16    Int: 11    God:    Xom [......]
Gold:   124        SH:  0    Dex:  8    Spells: 7/7 levels left

rFire   . . .      SeeInvis +   a - +0 hand axe (chaos)
rCold   + . .      Faith    .   (no shield)
rNeg    . . .      Spirit   .   b - +2 leather armour
rPois   .          Reflect  .   (helmet unavailable)
rElec   .          Harm     .   h - scarf {shadows}
rCorr   .          Rampage  .   (no gloves)
Will    .....                   (no boots)
Stlth   +.........              (no amulet)
HPRegen 0.20/turn               f - +6 ring of strength
MPRegen 0.11/turn               e - ring of protection from cold

@: agile
A: permanent stasis, dig shafts and tunnels, antennae 3, four strong arms,
iridescent scales 1, clumsy 1, frail 1, weak 1
a: Dig, Shaft Self, Renounce Religion


You were on level 5 of the Dungeon.
You worshipped Xom.
You were a very special plaything of Xom.
You visited 1 branch of the dungeon, and saw 5 of its levels.

You collected 124 gold pieces.

Inventory:

Hand Weapons
 a - a +0 hand axe of chaos (weapon)
 u - a +0 executioner's axe
Missiles
 l - 9 poisoned darts (quivered)
Armour
 b - a +2 leather armour (worn)
 h - a scarf of shadows (worn)
Jewellery
 e - a ring of protection from cold (right hand)
 f - a +6 ring of strength (left hand)
 s - a ring of flight
 t - an amulet of guardian spirit
Wands
 k - a wand of flame (17)
 r - a wand of iceblast (7)
Scrolls
 c - 5 scrolls of identify
 m - 2 scrolls of amnesia
 n - a scroll of blinking
Potions
 g - 2 potions of brilliance {unknown}
 i - a potion of might {unknown}
 j - a potion of degeneration {unknown}
 o - a potion of lignification {unknown}
 p - a potion of mutation {unknown}
 q - a potion of magic {unknown}


   Skills:
 + Level 7.2 Fighting
 + Level 6.6 Axes
 - Level 2.2 Armour
 - Level 0.9 Dodging


You had 7 spell levels left.
You didn't know any spells.
Your spell library contained the following spells:

 Spells                   Type           Power      Damage    Failure   Level
 Sublimation of Blood     Necr           0%         N/A       52%         2
 Petrify                  Tmut/Erth      0%         N/A       99%         4
 Irradiate                Conj/Tmut      0%         3d13      100%        5


Dungeon Overview and Level Annotations

Branches:
Dungeon (5/15)
 Temple: D:4-7

Altars:
Ashenzari
Dithmenos
Vehumet
Wu Jian

Shops:
D:1 !


Innate Abilities, Weirdness & Mutations

You cannot be hasted, slowed, berserked, paralysed or teleported.
You can dig through walls and to a lower floor.
You have a pair of large antennae on your head. (SInv)
Your four strong arms can wield two-handed weapons with a shield.
You are partially covered in iridescent scales. (AC +2)
You are clumsy. (Dex -2)
You are frail. (-10% HP)
You are weak. (Str -2)


Message History

The orc is moving more slowly.
You slash the orc!
You kill the orc!
The iguana is engulfed in seething chaos.
The iguana goes berserk!
You closely miss the iguana. The iguana barely misses you.
The iguana misses you.
You miss the iguana. The iguana misses you.
You closely miss the iguana.
The orc shouts!
The iguana misses you. The iguana closely misses you.
You hit the iguana but do no damage. Lightning courses through the iguana!!
The iguana is severely wounded.
The iguana bites you!! The orc completely misses you.
You flicker for a moment.
The iguana misses you. The iguana bites you!
* * * LOW HITPOINT WARNING * * *
You closely miss the iguana.
The iguana is severely wounded.
The iguana closely misses you. x2
You miss the iguana.
The iguana is severely wounded.
The iguana misses you.
You hit the iguana but do no damage.
The iguana is severely wounded.
You flicker back into view.
The iguana bites you!!
* * * LOW HITPOINT WARNING * * *
Xom thinks this is hilarious!
The iguana closely misses you.
You feel better. The iguana closely misses you.
You feel better. The iguana barely misses you. x2
You hit the iguana but do no damage.
The iguana is severely wounded.
The iguana barely misses you.
You closely miss the iguana.
The iguana is severely wounded.
The iguana bites you!
You die...

#.#
###'#####...
#.# #. #...
#.# # #### #.#
#.#### #.#
#....) ####.##
######
#.....##...##
#......+....
#...@.##...#
#...l.# ...#
#.....# ...#
####.###)..###
#>.o.).../.
###########


You could see an iguana (berserk, agile).

Vanquished Creatures
  A black bear (D:5)
  An ogre (D:4)
  A phantom (D:5)
  A scorpion (D:5)
  A jelly (D:5)
  An orc priest (D:4)
  A bullfrog skeleton (D:4)
  4 orc wizards
  A howler monkey zombie (D:4)
  5 adders
  A worm (D:3)
  3 dart slugs
  15 orcs
  3 ball pythons
  8 endoplasms
  A giant cockroach (D:1)
  5 goblins
  3 hobgoblins
  10 jackals
  3 quokkas
  2 bats
  3 frilled lizards (D:3)
  4 kobolds
  5 rats
83 creatures vanquished.

Vanquished Creatures (collateral kills)
  An ogre (D:4)
  An adder (D:4)
  An endoplasm (D:4)
3 creatures vanquished.

Vanquished Creatures (others)
  An orc (D:3)
1 creature vanquished.

Grand Total: 87 creatures vanquished

Notes
Turn   | Place    | Note
-------+----------+-------------------------------------------
     0 | D:1      | oldriver the Formicid Chaos Knight began the quest for the
                  | Orb.
     0 | D:1      | Reached XP level 1. HP: 18/18 MP: 1/1
   107 | D:1      | Found Mewnar's Distillery.
   115 | D:1      | Reached XP level 2. HP: 20/24 MP: 2/2
   225 | D:1      | XOM: silly message
   292 | D:1      | XOM: silly message
   821 | D:1      | XOM: god gift: scarf of shadows
  1031 | D:2      | Reached XP level 3. HP: 14/30 MP: 3/3
  1087 | D:2      | XOM: summons 3 hostile shadow creatures
  1206 | D:2      | Reached skill level 4 in Fighting
  2061 | D:3      | XOM: give mutations
  2061 | D:3      | Gained mutation: You are frail. (-10% HP) [Xom's mischief]
  2061 | D:3      | Gained mutation: You are weak. (Str -2) [Xom's mischief]
  2061 | D:3      | Gained mutation: You are partially covered in iridescent
                  | scales. (AC +2) [Xom's mischief]
  2061 | D:3      | Gained mutation: You are clumsy. (Dex -2) [Xom's mischief]
  2074 | D:3      | Reached XP level 4. HP: 33/33 MP: 4/4
  2248 | D:3      | XOM: enchant monster (good)
  2254 | D:3      | XOM: noise
  2303 | D:3      | Reached XP level 5. HP: 16/38 MP: 5/5
  2499 | D:3      | Found a shadowy altar of Dithmenos.
  2611 | D:3      | Found a broken altar of Ashenzari.
  2676 | D:3      | XOM: noise
  3215 | D:4      | Reached skill level 5 in Fighting
  3230 | D:4      | XOM: divination: magic mapping
  3298 | D:4      | Noticed an ogre
  3317 | D:4      | Killed an ogre
  3318 | D:4      | Reached skill level 5 in Axes
  3318 | D:4      | Reached XP level 6. HP: 45/46 MP: 6/6
  3396 | D:4      | Found an ornate altar of the Wu Jian Council.
  3437 | D:4      | XOM: cast spell 'Alistair's Intoxication'
  3445 | D:4      | XOM: divination: detect creatures
  3449 | D:4      | Reached skill level 6 in Fighting
  3455 | D:4      | XOM: silly message
  3458 | D:4      | Reached XP level 7. HP: 33/52 MP: 7/7
  3988 | D:4      | XOM: cast spell 'Olgreb's Toxic Radiance'
  4467 | D:5      | Entered Level 5 of the Dungeon
  4814 | D:5      | Reached skill level 7 in Fighting
  5011 | D:5      | XOM: noise
  5058 | D:5      | XOM: god gift: executioner's axe {god gift}
  5113 | D:5      | Found a radiant altar of Vehumet.
  5135 | D:5      | Reached XP level 8. HP: 18/60 MP: 8/8
  5373 | D:5      | XOM: silly message
  5375 | D:5      | XOM: chaos cloud
  5399 | D:5      | HP: 1/60 [iguana (18)]
  5403 | D:5      | Slain by an iguana

Illustrated notes

Levels and vault maps discovered:
D:1:      minmay_arrival_diagonal_passages, layout_basic, serial_shops, shop,
          lemuel_another_geyser
D:2:      layout_loops_cross
D:3:      layout_loops_corners, grunt_dithmenos_smoke_and_mirrors,
          lemuel_round_altar
D:4:      layout_loops_ring, kennysheep_little_box
D:5:      layout_basic, nicolae_vehumet_altar_sigil, nicolae_shop_unique_rings

Skill      XL: |  1  2  3  4  5  6  7 |
---------------+----------------------+-----
Fighting       | 4 5 6 7 |  7.2
Axes           | 4 5 6 |  6.6
Armour         | |  2.2
Dodging        | |  0.9

Action                   |  1- 3 |  4- 6 |  7- 9 || total
-------------------------+-------+-------+-------++-------
Melee: Hand axe          |    92 |   157 |    82 ||   331
       Punch             |     1 |     4 |       ||     5
  Use: Scroll            |       |     5 |     2 ||     7
       Potion            |       |       |     2 ||     2
Armor: Leather armour    |    20 |    65 |    23 ||   108
Dodge: Dodged            |    52 |   102 |    59 ||   213

Table legend: (Time is in decaauts)
 A = Elapsed time spent in this place.
 B = Non-inter-level travel time spent in this place.
 C = Inter-level travel time spent in this place.
 D = Time resting spent in this place.
 E = Time spent auto-exploring this place.
 F = Levels seen in this place.
 G = Mean time per level.
                   A        B        C        D        E       F      G
               +--------+--------+--------+--------+--------+-----+--------+
         Total |   5422 |   5302 |    120 |   1005 |   3536 |   5 | 1084.4 |
       Dungeon |   5422 |   5302 |    120 |   1005 |   3536 |   5 | 1084.4 |
               +--------+--------+--------+--------+--------+-----+--------+

Top non-repeatable levels by time:
     D:3: 1328 daAuts
     D:4: 1322 daAuts
     D:1: 972 daAuts
     D:5: 934 daAuts
     D:2: 865 daAuts
